 Dungeon Crawl Stone Soup version 0.28-a0-1206-g193881aaa2 (webtiles) character file.

Game seed: 14543605697604176406

15368 flotson the Skirmisher (level 12, -4/92 HPs)
             Began as a Demonspawn Gladiator on Dec 20, 2021.
             Was an Elder of Fedhas.
             Slain by a polar bear simulacrum (15 damage)
             ... in an ice cave.
             The game lasted 00:25:03 (17060 turns).

flotson the Skirmisher (Demonspawn Gladiator)      Turns: 17060, Time: 00:25:04

Health: -4/92      AC: 11    Str: 25    XL:     12   Next: 0%
Magic:  0/17       EV: 13    Int: 11    God:    Fedhas [****..]
Gold:   623        SH: 11    Dex: 14    Spells: 11/11 levels left

rFire   . . .      SeeInvis +   a - +7 sceptre of Torment {pain, torment}
rCold   . . .      Faith    +   K - +2 kite shield
rNeg    . . .      Spirit   +   G - +0 steam dragon scales
rPois   .          Reflect  .   c - +0 helmet
rElec   .          Harm     .   (cloak unavailable)
rCorr   .          Rampage  .   u - +0 pair of gloves
Will    .....                   (no boots)
Stlth   +.........              g - amulet of faith
HPRegen 0.25/turn               M - ring of see invisible
MPRegen 0.30/turn               k - +6 ring of strength

@: no status effects
A: spiny 1, magic shield, magic regeneration, sharp scales 2, weakness stinger 3
a: Renounce Religion, Wall of Briars, Grow Ballistomycete, Overgrow


You were in an ice cave.
You worshipped Fedhas.
Fedhas was greatly pleased with you.
You visited 3 branches of the dungeon, and saw 15 of its levels.
You also visited: Sewer and Ice Cave.

You collected 848 gold pieces.
You spent 225 gold pieces at shops.

Inventory:

Hand Weapons
 a - the +7 sceptre of Torment (weapon) {pain, torment}
   (You found it on level 6 of the Dungeon)

   In the hands of one skilled in necromantic magic, it inflicts extra damage on
   living creatures.
   It occasionally torments all nearby living foes when it strikes in combat.
 b - the +6 hunting sling of Gubaen {flame, rC+ MP+9 Str-5 Int+2}
   (You found it on level 6 of the Dungeon)

   Any ammunition fired from it burns those it strikes, dealing additional fire
   damage.
   Str:       It affects your strength (-5).
   Int:       It affects your intelligence (+2).
   rC:        It protects you from cold.
   MP:        It affects your magic capacity (+9).
Missiles
 e - 7 boomerangs (quivered)
 q - 6 javelins
 y - 2 curare-tipped darts
 D - 42 poisoned darts
 H - 69 sling bullets
 P - 5 atropa-tipped darts
Armour
 c - a +0 helmet (worn)
 u - a +0 pair of gloves (worn)
 z - a +0 ring mail of fire resistance
 G - +0 steam dragon scales (worn)
 K - a +2 kite shield (worn)
Jewellery
 g - an amulet of faith (around neck)
 k - a +6 ring of strength (right hand)
 l - a ring of fire
 M - a ring of see invisible (left hand)
 O - an amulet of magic regeneration
Wands
 t - a wand of digging (5)
 v - a wand of acid (9)
 A - a wand of mindburst (25)
 E - a wand of flame (26)
 L - a wand of iceblast (3)
Scrolls
 h - 6 scrolls of teleportation
 i - 2 scrolls of immolation
 j - 2 scrolls of vulnerability {unknown}
 o - a scroll of acquirement {unknown}
 w - 4 scrolls of blinking {unknown}
 x - 4 scrolls of enchant armour
 B - a scroll of noise {unknown}
 I - 3 scrolls of summoning
 J - 2 scrolls of fear {unknown}
 N - a scroll of fog {unknown}
Potions
 d - 2 potions of degeneration {unknown}
 f - a potion of lignification
 m - 2 potions of berserk rage
 n - 5 potions of mutation
 p - a potion of resistance
 s - 2 potions of haste
 C - 3 potions of curing
 F - 2 potions of cancellation


   Skills:
 + Level 7.9 Fighting
 - Level 2.6(4.2) Axes
 + Level 5.1(5.4) Maces & Flails
 + Level 7.1 Throwing
 + Level 6.9 Armour
 + Level 7.5 Dodging
 + Level 3.8 Shields
 + Level 6.2 Necromancy
 + Level 6.8 Invocations
 + Level 6.4 Evocations


You had 11 spell levels left.
You didn't know any spells.
Your spell library contained the following spells:

 Spells                   Type           Power      Damage    Failure   Level
 Apportation              Tloc           0%         N/A       83%         1
 Shock                    Conj/Air       0%         1d3       83%         1
 Scorch                   Fire           0%         2d5       92%         2
 Agony                    Necr           13%        N/A       97%         5
 Dazzling Flash           Conj/Hex       0%         N/A       99%         3
 Swiftness                Air            0%         N/A       99%         3
 Airstrike                Air            0%         N/A       100%        4
 Summon Lightning Spire   Summ/Air       0%         N/A       100%        4
 Alistair's Intoxication  Tmut/Pois      0%         N/A       100%        5
 Blade Hands              Tmut           0%         N/A       100%        5
 Irradiate                Conj/Tmut      0%         3d13      100%        5
 Silence                  Hex/Air        0%         N/A       100%        5
 Summon Forest            Summ/Tloc      0%         N/A       100%        5
 Dragon Form              Tmut           0%         N/A       100%        7
 Storm Form               Tmut/Air       0%         N/A       100%        7
 Maxwell's Capacitive Co  Air            0%         ∞         100%        8
 Dragon's Call            Summ           0%         N/A       100%        9


Dungeon Overview and Level Annotations

Branches:
Dungeon (11/15)            Temple (1/1) D:7            Lair (3/6) D:11
  Sewer (visited)           IceCv (1/1)
  Swamp: Lair:2-4    Shoals: Lair:2-4     Snake: Lair:2-4    Spider: Lair:2-4
    Orc: D:9-12

Altars:
Ashenzari
Cheibriados
Dithmenos
Elyvilon
Fedhas
Gozag
Hepliaklqana
Kikubaaqudgha
Makhleb
Nemelex Xobeh
Okawaru
Qazlal
Ru
Sif Muna
Trog
Uskayaw
Vehumet
Wu Jian
Xom
Yredelemnul
Zin
The Shining One
Lugonu

Shops:
D:5 *


Innate Abilities, Weirdness & Mutations

You are partially covered in sharp spines.
When hurt, damage is shared between your health and your magic reserves.
You regenerate magic rapidly.
You are mostly covered in razor-sharp scales. (AC +2, Slay +2)
You have a sharp stinger which inflicts weakening toxins.


Message History

You have reached level 12!
You feel clever.
You are too injured to fight recklessly!
Unknown command.
You are too injured to fight recklessly!
Unknown command.
You bludgeon the elephant simulacrum!!
The elephant simulacrum is almost destroyed.
The elephant simulacrum barely misses you.
You block the elephant simulacrum's attack.
The polar bear simulacrum bites you. The polar bear simulacrum freezes you!
* * * LOW HITPOINT WARNING * * *
The polar bear simulacrum claws you. The polar bear simulacrum freezes you!
* * * LOW HITPOINT WARNING * * *
The polar bear simulacrum barely misses you.
The elephant simulacrum tramples you but does no damage.
The elephant simulacrum trunk-slaps you but does no damage.
You impale the elephant simulacrum!!
The elephant simulacrum vaporises!
Fedhas accepts your kill. The polar bear simulacrum bites you!
* * * LOW HITPOINT WARNING * * *
The polar bear simulacrum freezes you!
* * * LOW HITPOINT WARNING * * *
You block the polar bear simulacrum's attack.
The polar bear simulacrum claws you but does no damage.
You feel much better.
The polar bear simulacrum is struck by your spines.
The polar bear simulacrum bites you. The polar bear simulacrum freezes you!
* * * LOW HITPOINT WARNING * * *
The polar bear simulacrum completely misses you.
You block the polar bear simulacrum's attack.
You barely miss the polar bear simulacrum.
You tail-slap the polar bear simulacrum.
The polar bear simulacrum is moderately damaged.
The polar bear simulacrum bites you!
* * * LOW HITPOINT WARNING * * *
The polar bear simulacrum freezes you!
You die...
Fedhas appreciates your contribution to the ecosystem.

#### ##..##
##
##....##..##
#....°.....#
#.∩@Z.......
#.......##..
##....###
##..## ####


You could see a polar bear simulacrum.

Vanquished Creatures
  2 hydras
  A two-headed ogre (D:9)
  The ghost of ytrimaz the Cleaver, a novice FoFi of Okawaru (D:8)
  A tengu warrior (D:11)
  Pikel (D:7)
  2 cyclopes (D:11)
  An ugly thing (D:10)
  Joseph (D:7)
  4 cane toads
  A rime drake (Lair:2)
  A troll (D:9)
  A slime creature (D:9)
  3 blink frogs (Lair:3)
  Sigmund (D:6)
  A wraith (D:10)
  A wyvern (D:9)
  A basilisk (Lair:1)
  5 yaks (Lair:1)
  3 steam dragons
  3 vampire mosquitoes (D:11)
  An acid dragon (D:9)
  5 water moccasins
  Pargi (Sewer)
  A spectral hornet (D:8)
  An orc warrior (D:4)
  An ice beast (D:5)
  2 black bears
  2 ogres
  10 centaurs
  5 wolves (Lair:1)
  2 kobold brigands
  2 lemures (D:7)
  6 bullfrogs
  3 gnoll sergeants
  4 scorpions
  3 cane toad simulacra
  An elephant simulacrum (IceCv)
  8 killer bees
  4 electric eels
  4 howler monkeys
  A spectral centaur (D:8)
  4 centaur zombies
  A bullfrog zombie (D:7)
  5 orc priests
  A jelly (D:7)
  2 hounds
  2 iguanas (D:6)
  8 orc wizards
  A killer bee zombie (D:7)
  A wolf simulacrum (IceCv)
  A howler monkey zombie (D:8)
  A killer bee simulacrum (D:8)
  16 gnolls
  11 adders
  A white imp (D:5)
  3 ufetubi
  An adder skeleton (D:4)
  A dart slug (D:4)
  8 orcs
  2 bats
  6 endoplasms
  6 giant cockroaches
  5 goblins
  6 hobgoblins
  16 kobolds
  4 quokkas
  6 ball pythons
  3 frilled lizards
  5 rats
229 creatures vanquished.

Vanquished Creatures (others)
  An oklob plant (D:11)
  3 gnolls (D:11)
  10 fungi
  35 plants
49 creatures vanquished.

Grand Total: 278 creatures vanquished

Notes
Turn   | Place    | Note
-------+----------+-------------------------------------------
     0 | D:1      | flotson the Demonspawn Gladiator began the quest for the
                  | Orb.
     0 | D:1      | Reached XP level 1. HP: 16/16 MP: 1/1
   339 | D:1      | Gained mutation: You are partially covered in sharp spines.
                  | [demonic ancestry]
   339 | D:1      | Reached XP level 2. HP: 19/22 MP: 2/2
  1164 | D:2      | Reached skill level 1 in Armour
  1169 | D:2      | Reached XP level 3. HP: 21/28 MP: 3/3
  1662 | D:2      | Found a shadowy altar of Dithmenos.
  1876 | D:3      | Found a faded altar of an unknown god.
  1907 | D:3      | Found a glowing drain.
  1929 | D:3      | Gained mutation: You are partially covered in razor-sharp
                  | scales. (AC +1, Slay +1) [demonic ancestry]
  1929 | D:3      | Reached XP level 4. HP: 33/34 MP: 4/4
  1942 | Sewer    | Entered a sewer
  2000 | Sewer    | Noticed Pargi
  2025 | Sewer    | Killed Pargi
  2026 | Sewer    | Reached XP level 5. HP: 27/41 MP: 5/5
  2364 | D:3      | Found an ancient bone altar of Kikubaaqudgha.
  2391 | D:3      | Found a snail-covered altar of Cheibriados.
  2530 | D:3      | Found an ornate altar of the Wu Jian Council.
  2560 | D:3      | Found a faded altar of an unknown god.
  2560 | D:3      | Found an iron altar of Okawaru.
  3726 | D:4      | Gained mutation: You regenerate magic rapidly. [demonic
                  | ancestry]
  3726 | D:4      | Reached XP level 6. HP: 46/48 MP: 6/6
  4509 | D:4      | Found a sacrificial altar of Ru.
  4571 | D:5      | Entered Level 5 of the Dungeon
  4657 | D:5      | Gained mutation: You are mostly covered in razor-sharp
                  | scales. (AC +2, Slay +2) [demonic ancestry]
  4657 | D:5      | Reached XP level 7. HP: 35/54 MP: 7/7
  5181 | D:5      | Reached skill level 1 in Evocations
  5538 | D:5      | Gained mutation: You have a small tail. [demonic ancestry]
  5538 | D:5      | Reached XP level 8. HP: 61/61 MP: 8/8
  5588 | D:5      | Found Imaudos's Assorted Antiques.
  5597 | D:5      | Bought a shiny ring mail for 175 gold pieces
  5597 | D:5      | Bought 2 scrolls labelled KEKLIMA XUMALY for 50 gold pieces
  5888 | D:6      | Noticed Sigmund
  5910 | D:6      | Killed Sigmund
  5911 | D:6      | Reached skill level 5 in Fighting
  5911 | D:6      | Reached skill level 5 in Dodging
  6512 | D:6      | Found the +7 sceptre of Torment {pain, torment}
  6614 | D:6      | Reached skill level 1 in Necromancy
  6639 | D:6      | Reached skill level 5 in Throwing
  6706 | D:6      | Reached skill level 1 in Maces & Flails
  6985 | D:6      | Identified the +6 hunting sling of Gubaen {flame, rC+ MP+9
                  | Str-5 Int+2}
  7425 | D:7      | Found a staircase to the Ecumenical Temple.
  7434 | Temple   | Entered the Ecumenical Temple
  7471 | Temple   | Became a worshipper of Fedhas Madash
  7505 | D:7      | Noticed Pikel
  7552 | D:7      | Killed Pikel
  7553 | D:7      | Reached skill level 1 in Invocations
  7553 | D:7      | Gained mutation: You have a tail ending in a sharp stinger.
                  | [demonic ancestry]
  7553 | D:7      | Reached XP level 9. HP: 20/69 MP: 8/10
  7821 | D:7      | Noticed Joseph
  7833 | D:7      | Killed Joseph
  7834 | D:7      | Reached skill level 5 in Armour
  8772 | D:7      | Reached * piety under Fedhas
  9108 | D:8      | Gained mutation: You have a sharp stinger which inflicts
                  | weakening toxins. [demonic ancestry]
  9108 | D:8      | Reached XP level 10. HP: 73/77 MP: 12/12
  9127 | D:8      | Noticed an angel
  9130 | D:8      | Found a shimmering altar of Xom.
  9369 | D:8      | Found a runed translucent gate.
  9370 | D:8      | Found a runed translucent gate.
  9371 | D:8      | Found a runed translucent gate.
  9382 | D:8      | Noticed ytrimaz's ghost (novice FoFi)
  9859 | D:8      | Killed ytrimaz's ghost
  9860 | D:8      | Reached skill level 1 in Shields
 10597 | D:9      | Noticed a two-headed ogre
 10601 | D:9      | Killed a two-headed ogre
 10682 | D:9      | Reached skill level 5 in Evocations
 11668 | D:9      | Reached ** piety under Fedhas
 11715 | D:9      | Noticed an eight-headed hydra
 11728 | D:9      | Killed an eight-headed hydra
 11729 | D:9      | Reached skill level 5 in Invocations
 12309 | D:9      | Found a stormy altar of Qazlal.
 12361 | D:10     | Entered Level 10 of the Dungeon
 12618 | D:10     | Got the Collected Works on Supportive Flames
 12694 | D:10     | Found a sparkling altar of Nemelex Xobeh.
 12701 | D:10     | Found a shimmering blue altar of Sif Muna.
 12704 | D:10     | Found a hazy altar of Hepliaklqana.
 12704 | D:10     | Found a shadowy altar of Dithmenos.
 12713 | D:10     | Found a bloodstained altar of Trog.
 12875 | D:10     | Found a burning altar of Makhleb.
 13192 | D:11     | Gained mutation: When hurt, damage is shared between your
                  | health and your magic reserves. [demonic ancestry]
 13192 | D:11     | Reached XP level 11. HP: 83/84 MP: 14/14
 13201 | D:11     | Reached skill level 5 in Necromancy
 13408 | D:11     | Noticed a purple ugly thing
 13408 | D:11     | Noticed a tengu warrior
 13459 | D:11     | Killed an oklob plant
 13481 | D:10     | Killed a purple ugly thing
 13800 | D:11     | Killed a tengu warrior
 14507 | D:11     | Found a staircase to the Lair.
 14711 | D:11     | Reached *** piety under Fedhas
 15206 | Lair:1   | Entered Level 1 of the Lair of Beasts
 15874 | Lair:1   | Noticed a four-headed hydra
 15880 | Lair:1   | Killed a four-headed hydra
 16667 | Lair:2   | Noticed a five-headed hydra
 16667 | Lair:2   | You fall into a shaft and drop 1 floor!
 16690 | Lair:3   | Reached skill level 5 in Maces & Flails
 16749 | Lair:3   | Reached **** piety under Fedhas
 16842 | Lair:3   | Noticed an eight-headed hydra
 16881 | Lair:3   | Found a frozen archway.
 17049 | IceCv    | Entered an ice cave
 17056 | IceCv    | Reached XP level 12. HP: 41/92 MP: 9/17
 17060 | IceCv    | Slain by a polar bear simulacrum

Illustrated notes

Levels and vault maps discovered:
D:1:      ncdulo_lavacross, layout_loops_ring
D:2:      layout_basic, basic_altar
D:3:      layout_rooms, nicolae_overflow_ecumenical_swirl,
          nicolae_kikubaaqudgha_miasma_corner, mainiacjoe_overflow_alcove_1,
          lemuel_tele_altar, hellmonk_ecumenical_altar_heavens_door,
          serial_aquarium, aquarium_bridge_square [aquarium_subvault_bridge,
          aquarium_subvault_bridge, aquarium_subvault_window,
          aquarium_subvault_window], aquarium_bridge_square
          [aquarium_subvault_window, aquarium_subvault_bridge,
          aquarium_subvault_bridge, aquarium_subvault_bridge],
          aquarium_window_corridor_1, aquarium_window_fake, aquarium_view_2f,
          aquarium_balcony_5b, gup_sewer_entry_glass
D:4:      layout_layer_cave, nicolae_ru_the_path_less_chosen
D:5:      layout_basic, serial_shops, nicolae_lakefront_shop
D:6:      layout_basic, minmay_misc_feat_tower, serial_bayou_ford_a,
          uniq_sigmund
D:7:      layout_rooms, temple_fountains, centaur_isle, uniq_pikel, uniq_joseph
D:8:      layout_basic, grunt_temple_overflow_order_and_chaos_1,
          gammafunk_ghost_necromancy
D:9:      layout_loops_ring, kennysheep_mini_moat, serial_bayou,
          serial_bayou_shore_b, serial_bayou_pond_b, serial_bayou_lagoon_a,
          serial_bayou_crossing
D:10:     layout_basic, mainiacjoe_overflow_surrounded_room,
          nicolae_overflow_hallway_of_the_gods
D:11:     minmay_weird_star, layout_basic, dpeg_oklobed_lair
Temple:   corrupted_temple
Lair:1:   layout_gridlike, grunt_megastairs_2
Lair:2:   layout_gridlike, palyth_hydra_swamp_entry, dummy_snake_entry,
          serial_bayou, serial_bayou_pond_c, serial_bayou_pond_a,
          serial_bayou_pond_a, serial_bayou_pond_d, serial_bayou_shore_b,
          serial_bayou_pond_e, beast_lair_carwin_3
Lair:3:   layout_regular_city, portal_ice_cave_entry_ice_simulacra,
          patterned_corridor
IceCv:    ice_cave_small_necro

Skill      XL: |  1  2  3  4  5  6  7  8  9 10 11 |
---------------+----------------------------------+-----
Throwing       | 2 3 4 5 6 7 |  7.1
Dodging        | 3 4 5 6 7 |  7.5
Armour         | 1 2 3 4 5 6 |  6.9
Fighting       | 3 4 5 6 7 |  7.9
Evocations     | 2 3 4 5 6 |  6.4
Necromancy     | 2 3 4 6 |  6.2
Maces & Flails | 1 3 4 5 |  5.1
Invocations    | 1 3 5 6 |  6.8
Shields        | 2 3 |  3.8
Axes           | |  2.6

Action                   |  1- 3 |  4- 6 |  7- 9 | 10-12 || total
-------------------------+-------+-------+-------+-------++-------
Melee: War axe           |    13 |       |       |       ||    13
       Dagger            |    79 |    21 |       |       ||   100
       Mace              |       |     9 |       |       ||     9
       Short sword       |       |     3 |       |       ||     3
       Halberd           |       |    73 |    64 |       ||   137
       Eveningstar       |       |       |    62 |   209 ||   271
       Tailslap          |       |       |     5 |    25 ||    30
 Fire: Hunting sling     |       |       |    35 |    15 ||    50
       Shortbow          |       |       |     2 |       ||     2
Throw: Javelin           |       |     3 |     6 |       ||     9
       Throwing net      |       |       |     2 |     4 ||     6
Evoke: Wand              |       |       |       |     8 ||     8
  Use: Scroll            |       |       |     9 |     6 ||    15
       Potion            |       |       |       |     5 ||     5
Armor: Leather armour    |     3 |       |       |       ||     3
       Scale mail        |    33 |    70 |    32 |       ||   135
       Ring mail         |       |       |    13 |       ||    13
       Steam dragon scal |       |       |    30 |   113 ||   143
Dodge: Dodged            |    45 |    73 |    91 |   147 ||   356
Block: Kite shield       |       |       |       |   163 ||   163

Table legend: (Time is in decaauts)
 A = Elapsed time spent in this place.
 B = Non-inter-level travel time spent in this place.
 C = Inter-level travel time spent in this place.
 D = Time resting spent in this place.
 E = Time spent auto-exploring this place.
 F = Levels seen in this place.
 G = Mean time per level.
                   A        B        C        D        E       F      G
               +--------+--------+--------+--------+--------+-----+--------+
         Total |  17317 |  16794 |    523 |   2252 |  12169 |  17 | 1018.6 |
       Dungeon |  15109 |  14617 |    492 |   1891 |  10796 |  11 | 1373.5 |
        Temple |     57 |     42 |     15 |      0 |     25 |   1 |   57.0 |
          Lair |   1877 |   1862 |     15 |    361 |   1148 |   3 |  625.7 |
         Sewer |    259 |    259 |      0 |      0 |    199 |   1 |  259.0 |
      Ice Cave |     13 |     13 |      0 |      0 |      0 |   1 |   13.0 |
               +--------+--------+--------+--------+--------+-----+--------+

Top non-repeatable levels by time:
     D:7: 2271 daAuts
    D:11: 1736 daAuts
     D:8: 1580 daAuts
     D:6: 1442 daAuts
     D:4: 1412 daAuts
     D:3: 1294 daAuts
     D:9: 1227 daAuts
  Lair:1: 1219 daAuts
     D:2: 1181 daAuts
    D:10: 1161 daAuts
     D:5: 1012 daAuts
     D:1: 789 daAuts
  Lair:3: 389 daAuts
  Lair:2: 268 daAuts
   Sewer: 259 daAuts
